HSSL
SPANISH FORK HS @ BROOKLINE HS WARRIORS
04/06/2023
 
TOP OF THE 1ST
Spanish Fork HS batting - Pitching for Brookline HS Warriors : RHP Rob Larson
Pitching: RHP Rob Larson
Batting: RHB Javier Ortíz 0-0: Foul Ball, location: 2F
0-1: Ball
1-1: Ball
2-1: Ball
3-1: Base on Balls
Batting: RHB Steve Meyers 0-0: Ball
1-0: Ball
2-0: Foul Ball, location: 2F
2-1: Foul Ball, location: 2F
2-2: Ground out 5-3 (Groundball, 56S)
Javier Ortíz to second
Batting: LHB Geoffrey Bird 0-0: Ball
1-0: Called Strike
Javier Ortíz steals 3rd base
1-1: Fly out, F7 (Line Drive, 7LM)
Runner from 3rd tags up, SCORES, no throw
Batting: LHB Zack Payton 0-0: Called Strike
0-1: Ball
1-1: SOLO HOME RUN (Line Drive, 7LD), Distance : 372 ft
Batting: SHB Rafael Acosta 0-0: Called Strike
0-1: Foul Ball, location: 2F
0-2: Foul Ball, location: 2F
0-2: Ball
1-2: Strikes out swinging
Top of the 1st over - 2 run(s), 1 hit(s), 0 error(s), 0 left on base; Spanish Fork HS 2 - Brookline HS 0
BOTTOM OF THE 1ST
Brookline HS Warriors batting - Pitching for Spanish Fork HS : RHP Armando Alvarado
Pitching: RHP Armando Alvarado
Batting: RHB Marcos Liñares 0-0: SINGLE (Line Drive, 9S)
Batting: LHB Kel Smith 0-0: Fly out, F7 (Flyball, 78M)
Batting: RHB Ray Ervin 0-0: Fly out, F8 (Flyball, 78M)
Batting: RHB Mike Carter 0-0: Foul Ball, location: 2F
0-1: Ball
Marcos Liñares steals 2nd base
1-1: Foul Ball, location: 2F
1-2: Foul Ball, location: 2F
1-2: Strikes out swinging
Bottom of the 1st over - 0 run(s), 1 hit(s), 0 error(s), 1 left on base; Spanish Fork HS 2 - Brookline HS 0
TOP OF THE 2ND
Spanish Fork HS batting - Pitching for Brookline HS Warriors : RHP Rob Larson
Batting: LHB Victor Stuart 0-0: Called Strike
0-1: Ball
1-1: Ball
2-1: Called Strike
2-2: Foul Ball, location: 2F
2-2: Ball
3-2: DOUBLE (Line Drive, 7LS)
Batting: LHB Mal Jiménez 0-0: Ball
1-0: Ball
2-0: Called Strike
2-1: Swinging Strike
2-2: Fly out, F8 (Flyball, 8RM)
Batting: RHB Mark Whiffen 0-0: Swinging Strike
0-1: Ground out 1-3 (Groundball, 15S)
Batting: RHB Ray Hernández 0-0: Reached on error, E5 (Groundball, 5S)
Victor Stuart to third
Batting: RHB Javier Ortíz 0-0: Ball
1-0: Fly out, F4 (Popup, 4MD)
Top of the 2nd over - 0 run(s), 1 hit(s), 1 error(s), 2 left on base; Spanish Fork HS 2 - Brookline HS 0
BOTTOM OF THE 2ND
Brookline HS Warriors batting - Pitching for Spanish Fork HS : RHP Armando Alvarado
Batting: LHB Howard Holder 0-0: Called Strike
0-1: Ball
1-1: SINGLE (Groundball, 4MD)
Batting: RHB Phil Moore 0-0: Fly out, F8 (Flyball, 8RM)
Batting: RHB Stephen Nava 0-0: Called Strike
0-1: Foul Ball, location: 2F
0-2: Ball
1-2: Ball
2-2: Fly out, F7 (Flyball, 7S)
Batting: RHB José Carlos Caraballo 0-0: Ball
1-0: Ball
2-0: DOUBLE (Line Drive, 3D)
Howard Holder to third
Batting: LHB Cliff Mills 0-0: Foul Ball, location: 2F
0-1: Swinging Strike
0-2: Strikes out swinging
Bottom of the 2nd over - 0 run(s), 2 hit(s), 0 error(s), 2 left on base; Spanish Fork HS 2 - Brookline HS 0
TOP OF THE 3RD
Spanish Fork HS batting - Pitching for Brookline HS Warriors : RHP Rob Larson
Batting: RHB Steve Meyers 0-0: Ball
1-0: Swinging Strike
1-1: Ball
2-1: Ball
3-1: DOUBLE (Line Drive, 8RXD)
Batting: LHB Geoffrey Bird 0-0: Fly out, F4 (Line Drive, 4)
Batting: LHB Zack Payton 0-0: Ball
1-0: Foul Ball, location: 2F
1-1: Called Strike
1-2: Strikes out swinging
Batting: SHB Rafael Acosta 0-0: Foul Ball, location: 2F
0-1: Ball
1-1: Called Strike
1-2: 2-RUN HOME RUN (Flyball, 9D), Distance : 377 ft
Batting: LHB Victor Stuart 0-0: Called Strike
0-1: Ball
1-1: Ball
2-1: Foul Ball, location: 2F
2-2: Ground out 3-1 (Groundball, 34)
Top of the 3rd over - 2 run(s), 2 hit(s), 0 error(s), 0 left on base; Spanish Fork HS 4 - Brookline HS 0
BOTTOM OF THE 3RD
Brookline HS Warriors batting - Pitching for Spanish Fork HS : RHP Armando Alvarado
Batting: RHB Marcos Liñares 0-0: Ball
1-0: Ball
2-0: Ball
3-0: Base on Balls
Batting: LHB Kel Smith 0-0: Called Strike
0-1: Foul Ball, location: 2F
0-2: Strikes out looking
Batting: RHB Ray Ervin 0-0: Called Strike
Marcos Liñares is caught stealing 2nd base
0-1: Ball
1-1: Reached on Error, E7 (Flyball, 7D)
Batting: RHB Mike Carter 0-0: Ball
1-0: Fly out, F3 (Popup, 3)
Bottom of the 3rd over - 0 run(s), 0 hit(s), 1 error(s), 1 left on base; Spanish Fork HS 4 - Brookline HS 0
TOP OF THE 4TH
Spanish Fork HS batting - Pitching for Brookline HS Warriors : RHP Rob Larson
Batting: LHB Mal Jiménez 0-0: Swinging Strike
0-1: Ball
1-1: SINGLE (Line Drive, 8LS)
Batting: RHB Mark Whiffen 0-0: Swinging Strike
0-1: Swinging Strike
0-2: Strikes out looking
Batting: RHB Ray Hernández 0-0: Ball
1-0: Foul Ball, location: 2F
1-1: Ball
2-1: Ground out 5-3 (Groundball, 56S)
Mal Jiménez to second
Batting: RHB Javier Ortíz 0-0: Called Strike
0-1: Called Strike
0-2: Strikes out looking
Top of the 4th over - 0 run(s), 1 hit(s), 0 error(s), 1 left on base; Spanish Fork HS 4 - Brookline HS 0
BOTTOM OF THE 4TH
Brookline HS Warriors batting - Pitching for Spanish Fork HS : RHP Armando Alvarado
Batting: LHB Howard Holder 0-0: Ball
1-0: Called Strike
1-1: Fly out, F8 (Line Drive, 8RM)
Batting: RHB Phil Moore 0-0: Foul Ball, location: 2F
0-1: Swinging Strike
0-2: Ball
1-2: Ball
2-2: Strikes out swinging
Batting: RHB Stephen Nava 0-0: Called Strike
0-1: Foul Ball, location: 2F
0-2: Foul Ball, location: 2F
0-2: Ball
1-2: Foul Ball, location: 2F
1-2: Ball
2-2: Ground out 4-3 (Groundball, 4)
Bottom of the 4th over - 0 run(s), 0 hit(s), 0 error(s), 0 left on base; Spanish Fork HS 4 - Brookline HS 0
TOP OF THE 5TH
Spanish Fork HS batting - Pitching for Brookline HS Warriors : RHP Rob Larson
Batting: RHB Steve Meyers 0-0: Foul Ball, location: 2F
0-1: Ball
1-1: SINGLE (Line Drive, 89S)
Batting: LHB Geoffrey Bird 0-0: Ball
1-0: Swinging Strike
1-1: SINGLE (Flyball, 6MD)
Steve Meyers to second
Batting: LHB Zack Payton 0-0: Foul Ball, location: 2F
0-1: Ball
1-1: Called Strike
1-2: Strikes out swinging
Pitching: RHP Juan López
Batting: SHB Rafael Acosta 0-0: Called Strike
0-1: Foul Ball, location: 2F
0-2: Ball
1-2: Strikes out swinging
Batting: LHB Victor Stuart 0-0: Swinging Strike
0-1: Foul Ball, location: 2F
0-2: Ball
1-2: Ground out 4-3 (Groundball, 4)
Top of the 5th over - 0 run(s), 2 hit(s), 0 error(s), 2 left on base; Spanish Fork HS 4 - Brookline HS 0
BOTTOM OF THE 5TH
Brookline HS Warriors batting - Pitching for Spanish Fork HS : RHP Armando Alvarado
Batting: RHB José Carlos Caraballo 0-0: Swinging Strike
0-1: Foul Ball, location: 2F
0-2: SOLO HOME RUN (Flyball, 7D), Distance : 404 ft
Batting: LHB Cliff Mills 0-0: Swinging Strike
0-1: Ball
1-1: Ball
2-1: Foul Ball, location: 2F
2-2: Ball
3-2: Strikes out looking
Batting: RHB Marcos Liñares 0-0: Called Strike
0-1: Ball
1-1: Foul Ball, location: 2F
1-2: Ball
2-2: Fly out, F9 (Flyball, 9LMF)
Batting: LHB Kel Smith 0-0: Ball
1-0: SINGLE (Groundball, 4MD)
Batting: RHB Ray Ervin 0-0: Ball
1-0: Ball
2-0: Foul Ball, location: 2F
2-1: Ball
3-1: Foul Ball, location: 2F
3-2: Foul Ball, location: 2F
3-2: Base on Balls
Kel Smith to second
Batting: RHB Mike Carter 0-0: Ball
1-0: Ground out 4-3 (Groundball, 4)
Bottom of the 5th over - 1 run(s), 2 hit(s), 0 error(s), 2 left on base; Spanish Fork HS 4 - Brookline HS 1
TOP OF THE 6TH
Spanish Fork HS batting - Pitching for Brookline HS Warriors : RHP Juan López
Batting: LHB Mal Jiménez 0-0: Ball
1-0: Swinging Strike
1-1: Fly out, F7 (Flyball, 7M)
Batting: RHB Mark Whiffen 0-0: Called Strike
0-1: Ball
1-1: Ball
2-1: Ball
3-1: Base on Balls
Batting: RHB Ray Hernández 0-0: Swinging Strike
0-1: Foul Ball, location: 2F
0-2: SINGLE (Groundball, 6MD)
Mark Whiffen to second
Batting: RHB Javier Ortíz 0-0: Called Strike
0-1: Ball
1-1: Fly out, F7 (Line Drive, 7M)
Batting: RHB Steve Meyers 0-0: Called Strike
0-1: Ball
1-1: SINGLE (Groundball, 56D)
Mark Whiffen to third
Ray Hernández to second
Runner from 3rd tries for Home, SAFE, no throw or cutoff
Batting: LHB Geoffrey Bird 0-0: Swinging Strike
0-1: Foul Ball, location: 2F
0-2: Strikes out looking
Top of the 6th over - 1 run(s), 2 hit(s), 0 error(s), 2 left on base; Spanish Fork HS 5 - Brookline HS 1
BOTTOM OF THE 6TH
Brookline HS Warriors batting - Pitching for Spanish Fork HS : RHP Armando Alvarado
Batting: LHB Howard Holder 0-0: Fly out, F9 (Flyball, 89M)
Batting: RHB Phil Moore 0-0: Ball
1-0: Ball
2-0: Foul Ball, location: 2F
2-1: SINGLE (Flyball, 8RS)
Pitching: LHP Franklin O'Morchoe
Batting: RHB Stephen Nava 0-0: Called Strike
0-1: Ball
1-1: Fly out, F8 (Line Drive, 8LM)
Batting: RHB José Carlos Caraballo 0-0: Called Strike
Phil Moore steals 2nd base
0-1: Ball
1-1: Ground out 1-3 (Groundball, 15)
Bottom of the 6th over - 0 run(s), 1 hit(s), 0 error(s), 1 left on base; Spanish Fork HS 5 - Brookline HS 1
TOP OF THE 7TH
Spanish Fork HS batting - Pitching for Brookline HS Warriors : RHP Juan López
Batting: LHB Zack Payton 0-0: Called Strike
0-1: Swinging Strike
0-2: Ball
1-2: Ball
2-2: Ball
3-2: Foul Ball, location: 2F
3-2: Ground out 5-3 (Groundball, 5L)
Pitching: RHP Steve Gore
Batting: SHB Rafael Acosta 0-0: Ball
1-0: Ball
2-0: Foul Ball, location: 2F
2-1: Swinging Strike
2-2: Foul Ball, location: 2F
2-2: Ball
3-2: Fly out, F6 (Line Drive, 6)
Batting: LHB Victor Stuart 0-0: Called Strike
0-1: Ball
1-1: Foul Ball, location: 2F
1-2: Foul Ball, location: 2F
1-2: SINGLE (Line Drive, 89M)
Batting: LHB Mal Jiménez 0-0: Called Strike
0-1: SINGLE (Groundball, 34D)
Victor Stuart to second
Runner from 2nd tries for 3rd, SAFE, throw made to third
Mal Jiménez to second
Batting: RHB Mark Whiffen 0-0: Foul Ball, location: 2F
0-1: Called Strike
0-2: Ball
1-2: Ball
2-2: Strikes out swinging
Top of the 7th over - 0 run(s), 2 hit(s), 0 error(s), 2 left on base; Spanish Fork HS 5 - Brookline HS 1
BOTTOM OF THE 7TH
Brookline HS Warriors batting - Pitching for Spanish Fork HS : LHP Franklin O'Morchoe
Batting: LHB Cliff Mills 0-0: Foul Ball, location: 2F
0-1: Ball
1-1: Called Strike
1-2: Ground out 4-3 (Groundball, 4)
Batting: RHB Marcos Liñares 0-0: Ball
1-0: Foul Ball, location: 2F
1-1: Ball
2-1: Ball
3-1: Foul Ball, location: 2F
3-2: Foul Ball, location: 2F
3-2: Strikes out looking
Batting: LHB Kel Smith 0-0: Ball
1-0: Ball
2-0: SINGLE (Groundball, 4MD)
Batting: RHB Ray Ervin 0-0: Ground out U3 (Groundball, 3)
Bottom of the 7th over - 0 run(s), 1 hit(s), 0 error(s), 1 left on base; Spanish Fork HS 5 - Brookline HS 1
TOP OF THE 8TH
Spanish Fork HS batting - Pitching for Brookline HS Warriors : RHP Steve Gore
Batting: RHB Ray Hernández 0-0: Ball
1-0: Ball
2-0: Foul Ball, location: 2F
2-1: Ball
3-1: SINGLE (Groundball, 15S) (infield hit)
Batting: RHB Javier Ortíz 0-0: Ball
1-0: Reached on error, E1 (Groundball, 13S)
Ray Hernández to second
Batting: RHB Steve Meyers 0-0: Called Strike
0-1: Ball
1-1: Called Strike
1-2: Ball
2-2: Ground out 6-3 (Groundball, 6MS)
Ray Hernández to third
Javier Ortíz to second
Batting: LHB Geoffrey Bird 0-0: Called Strike
0-1: Ball
1-1: SINGLE (Line Drive, 7S)
Ray Hernández scores
Javier Ortíz to third
Batting: LHB Zack Payton 0-0: Foul Ball, location: 2F
0-1: Ball
1-1: Called Strike
1-2: Ball
2-2: Fly out, F7 (Line Drive, 7M)
Runner from 3rd tags up, SCORES, no throw
Batting: SHB Rafael Acosta 0-0: Called Strike
0-1: Ball
1-1: Ground out 5-3 (Groundball, 56)
Top of the 8th over - 2 run(s), 2 hit(s), 1 error(s), 1 left on base; Spanish Fork HS 7 - Brookline HS 1
BOTTOM OF THE 8TH
Brookline HS Warriors batting - Pitching for Spanish Fork HS : LHP Franklin O'Morchoe
Now at C: Simon Lee
Now at SS: Juan Navarro
Batting: RHB Mike Carter 0-0: Ball
1-0: Ball
2-0: DOUBLE (Groundball, 5L)
Batting: LHB Howard Holder 0-0: Called Strike
0-1: Ball
1-1: Ground out 4-3 (Groundball, 4)
Mike Carter to third
Pitching: RHP Matt Cleveland
Batting: RHB Phil Moore 0-0: Ball
1-0: Ground out 4-3 (Groundball, 4D)
Mike Carter scores
Batting: RHB Stephen Nava 0-0: Ball
1-0: Ball
2-0: Ball
3-0: Base on Balls
Batting: RHB José Carlos Caraballo 0-0: Swinging Strike
0-1: Foul Ball, location: 2F
0-2: Foul Ball, location: 2F
0-2: Ball
1-2: Strikes out looking
Bottom of the 8th over - 1 run(s), 1 hit(s), 0 error(s), 1 left on base; Spanish Fork HS 7 - Brookline HS 2
TOP OF THE 9TH
Spanish Fork HS batting - Pitching for Brookline HS Warriors : RHP Steve Gore
Batting: LHB Victor Stuart 0-0: Ball
1-0: Swinging Strike
1-1: Ball
2-1: Foul Ball, location: 2F
2-2: Foul Ball, location: 2F
2-2: Strikes out swinging
Batting: LHB Mal Jiménez 0-0: Ball
1-0: Fly out, F7 (Flyball, 78M)
Batting: RHB Mark Whiffen 0-0: Ball
1-0: Swinging Strike
Single, Error in OF, E7, batter to second base
Pitching: LHP Juan Méndez
Batting: RHB Ray Hernández 0-0: Ground out 5-3 (Groundball, 56)
Top of the 9th over - 0 run(s), 1 hit(s), 1 error(s), 1 left on base; Spanish Fork HS 7 - Brookline HS 2
BOTTOM OF THE 9TH
Brookline HS Warriors batting - Pitching for Spanish Fork HS : RHP Matt Cleveland
Batting: LHB Cliff Mills 0-0: Called Strike
0-1: Ball
1-1: Ground out 1-3 (Groundball, 13S)
Batting: RHB Marcos Liñares 0-0: Ball
1-0: Called Strike
1-1: Foul Ball, location: 2F
1-2: Ball
2-2: DOUBLE (Flyball, 89M)
Batting: LHB Kel Smith 0-0: Fly out, F5 (Popup, 25)
Batting: RHB Ray Ervin 0-0: DOUBLE (Line Drive, 78M)
Marcos Liñares scores
Batting: RHB Mike Carter 0-0: Fly out, F7 (Line Drive, 7D)
Bottom of the 9th over - 1 run(s), 2 hit(s), 0 error(s), 1 left on base; Spanish Fork HS 7 - Brookline HS 3
This league is powered by Out of the Park Baseball, the baseball management simulation game for PC, Mac and Linux
Wednesday, December 2nd, 2015 - OOTP Baseball 16.8 Build 38